 Dungeon Crawl Stone Soup version 0.20-a0-1109-ge3cd172 (webtiles) character file.

24241 Eligor the Fighter (level 13, -1/84 HPs)
             Began as a Gargoyle Wanderer on May 5, 2017.
             Was a High Priest of Vehumet.
             Slain by Rupert
             ... wielding a +1 battleaxe of venom
              (26 damage)
             ... on level 13 of the Dungeon.
             The game lasted 01:21:10 (23617 turns).

Eligor the Fighter (Gargoyle Wanderer)             Turns: 23617, Time: 01:21:10

Health: -1/84      AC: 23    Str: 12    XL:     13   Next: 11%
Magic:  5/21       EV: 11    Int: 18    God:    Vehumet [*****.]
Gold:   145        SH:  3    Dex:  7    Spells: 1/26 levels left

rFire    + + .     SeeInvis .   s - +4 battleaxe (vamp)
rCold    . . .     Gourm    .   (shield currently unavailable)
rNeg     + . .     Faith    .   J - +3 salamander hide armour {+Rage rF++}
rPois    ∞         Spirit   .   w - +2 helmet
rElec    +         Reflect  +   (no cloak)
rCorr    .         Harm     .   (no gloves)
MR       .....                  E - +2 pair of boots
Stlth    +.........             z - +3 amulet of reflection
Regen    0.3/turn               o - ring of wizardry
MPRegen  0.2/turn               t - ring of wizardry

@: very slightly contaminated
A: yellow scales 1, blink, dopey 1, low mp 1, negative energy resistance 1,
electricity resistance, weak 2, unbreathing, petrification resistance, rot
immunity, AC +9
a: Blink, Renounce Religion, Evoke Berserk Rage


You were on level 13 of the Dungeon.
You worshipped Vehumet.
Vehumet was extremely pleased with you.
You were very hungry.

You visited 1 branch of the dungeon, and saw 13 of its levels.
You also visited: Labyrinth and Sewer.

You collected 775 gold pieces.
You spent 630 gold pieces at shops.

Inventory:

Hand Weapons
 s - a +4 vampiric battleaxe (weapon)
Missiles
 q - 3 throwing nets (quivered)
 u - 6 javelins of penetration
Armour
 w - a +2 helmet (worn)
 A - a +2 scale mail of fire resistance
 C - a +2 robe of magic resistance
 E - a +2 pair of boots (worn)
 J - the +3 salamander hide armour (worn) {+Rage rF++}
   (You took it off a minotaur in a labyrinth)

   It greatly protects you from fire.
   It lets you go berserk.
Jewellery
 m - an uncursed ring of protection from cold
 o - a ring of wizardry (left hand)
 p - an uncursed ring of see invisible
 t - a ring of wizardry (right hand)
 z - a +3 amulet of reflection (around neck)
 Q - an uncursed ring of flight
Wands
 b - a wand of disintegration (17/24)
 i - a wand of enslavement (14/24)
 x - a wand of lightning (7/15)
 y - a wand of polymorph (5/24)
 B - a wand of disintegration (11/24)
 L - a wand of digging (11/24)
 O - a wand of scattershot (3/9)
 R - a wand of acid (0/15)
 W - a wand of acid (6/15)
Scrolls
 c - 8 scrolls of teleportation
 h - 3 scrolls of enchant weapon
 j - 3 scrolls of fear
 k - 4 scrolls of magic mapping
 r - 3 scrolls of blinking
 F - a scroll of recharging
 G - a scroll of enchant armour {unknown}
 S - 2 scrolls of remove curse
 X - a scroll of immolation {unknown}
 Z - a scroll of summoning {unknown}
Potions
 a - a potion of flight
 d - 2 potions of brilliance {unknown}
 e - 4 potions of heal wounds
 l - a potion of haste {unknown}
 n - a potion of resistance {unknown}
 v - 4 potions of curing
 D - a potion of lignification {unknown}
 H - a potion of cancellation {unknown}
 I - 4 potions of agility {unknown}
 K - 2 potions of ambrosia
 M - a potion of mutation {unknown}
 P - 2 potions of invisibility
 Y - a potion of might
Books
 N - the Papyrus of Toxins
   (You bought it in a shop on level 4 of the Dungeon)

   Spells                             Type                      Level
   a - Poisonous Vapours              Poison/Air                   2
   b - Mephitic Cloud                 Conjuration/Poison/Air       3
   c - Ignite Poison                  Fire/Transmutation/Poison    3
   d - Venom Bolt                     Conjuration/Poison           5
   e - Alistair's Intoxication        Transmutation/Poison         5
 T - a book of the Earth

   Spells                             Type                      Level
   a - Leda's Liquefaction            Hexes/Earth                  4
   b - Bolt of Magma                  Conjuration/Fire/Earth       5
   c - Statue Form                    Transmutation/Earth          6
   d - Iron Shot                      Conjuration/Earth            6
   e - Shatter                        Earth                        9
 U - a book of Air

   Spells                             Type                      Level
   a - Shock                          Conjuration/Air              1
   b - Swiftness                      Charms/Air                   2
   c - Static Discharge               Conjuration/Air              3
   d - Airstrike                      Air                          4
   e - Lightning Bolt                 Conjuration/Air              5
Comestibles
 f - 14 bread rations
 g - 8 meat rations
 V - 19 chunks of flesh


   Skills:
 - Level 11.0 Fighting
 - Level 10.5 Axes
   Level 2.0 Staves
 - Level 1.1 Armour
 - Level 1.0 Dodging
 - Level 1.1 Stealth
 * Level 7.1 Spellcasting
 - Level 8.4 Conjurations
 - Level 5.0 Fire Magic
 - Level 5.1 Ice Magic
 - Level 5.0 Air Magic
 - Level 5.3 Earth Magic
 - Level 5.0 Poison Magic
 - Level 1.0 Evocations


You had one spell level left.
You knew the following spells:

 Your Spells              Type           Power        Failure   Level  Hunger
a - Freeze                Ice            ###.         1%          1    None
b - Lightning Bolt        Conj/Air       ####......   3%          5    #####..
c - Venom Bolt            Conj/Pois      ####......   3%          5    #####..
d - Sticky Flame          Conj/Fire      ####....     1%          4    ####...
e - Bolt of Magma         Conj/Fire/Erth ####......   3%          5    #####..
f - Fireball              Conj/Fire      ####......   3%          5    #####..


Dungeon Overview and Level Annotations

Branches:
Dungeon (13/15)            Temple (0/1) D:6            Lair (0/6) D:10
    Orc (0/2) D:11         Vaults (0/5) D:13

Altars:
Ashenzari
Cheibriados
Fedhas
Gozag
Kikubaaqudgha
Nemelex Xobeh
Okawaru
Qazlal
Ru
Vehumet
Wu Jian
Xom
Zin
The Shining One

Shops:
D:4 *   D:6 [   D:7 (   D:11 (

Annotations:
D:13 Rupert


Innate Abilities, Weirdness & Mutations

You are resistant to torment.
Your stone body is resilient. (AC +9)
You are immune to poison.
You resist negative energy. (rN+)
You are resistant to electric shocks. (rElec)
You can survive without breathing.
You are immune to petrification.
You are immune to rotting.
You are partially covered in yellow scales. (AC +2)
You can translocate small distances at will.
You are dopey. (Int -2)
Your magical capacity is low. (-10% MP)
You are very weak. (Str -4)


Message History

Rupert is almost dead.
Rupert hits you with a battleaxe of venom!
You closely miss Rupert.
Rupert is almost dead.
Rupert hits you with a battleaxe of venom!
Rupert hits you with a battleaxe of venom!!
* * * LOW HITPOINT WARNING * * *
You hit Rupert but do no damage.
Rupert is almost dead.
Rupert hits you with a battleaxe of venom.
* * * LOW HITPOINT WARNING * * *
You barely miss Rupert.
Rupert is almost dead.
Rupert hits you with a battleaxe of venom.
* * * LOW HITPOINT WARNING * * *
You slash Rupert!
You feel better.
Rupert is almost dead.
Rupert barely misses you.
Rupert hits you with a battleaxe of venom!!
You die...

####.# #############
.....# #...........#
.###.####...........#
#)..'(##...........#
#.###(##...........#
#.. #..÷......Z†...#
########......@)...#
#########@### #...@.#
###########.#.###
#.............#
#...........(.#
##..........(..#
##.......).(....#
......(..∩<.....#
.........<>.....#
................#


You could see Rupert (berserk).

Vanquished Creatures
  Nessos (D:13)
  A minotaur (Lab)
  A hydra (D:11)
  A centaur warrior (D:13)
  5 two-headed ogres
  Urug (D:13)
  The ghost of Shimatora the Slinger, a novice HaHu of Okawaru (D:6)
  A cyclops (D:8)
  An orc knight (D:11)
  A manticore (D:12)
  A deep elf mage (D:12)
  2 ugly things
  A komodo dragon (D:10)
  3 hippogriffs
  Prince Ribbit (D:5)
  A spriggan (D:8)
  A wraith (D:12)
  A shadow (D:12)
  A wyvern (D:13)
  22 yaks
  12 humans (D:13)
  Grum (D:9)
  A hungry ghost (D:11)
  An acid dragon (D:11)
  2 water moccasins
  6 ice beasts
  3 sky beasts
  2 black bears
  An eye of draining (D:9)
  A hornet zombie (D:10)
  A necrophage (D:9)
  5 ogres
  8 orc warriors
  3 phantoms
  4 wolves (D:9)
  10 centaurs
  2 big kobolds (Sewer)
  10 bullfrogs
  A scorpion (D:7)
  A water moccasin skeleton (D:11)
  10 wights
  12 killer bees
  A howler monkey (D:12)
  5 crimson imps
  2 bullfrog zombies
  4 hounds
  7 orc priests
  A jelly (D:8)
  2 centaur skeletons
  Ijyb (D:3)
  3 iguanas
  13 orc wizards
  6 worker ants
  A killer bee zombie (D:5)
  2 hound zombies
  A hound skeleton (D:6)
  2 worker ant zombies (D:9)
  Robin (D:4)
  8 gnolls
  15 adders
  A river rat (D:3)
  3 shadow imps
  2 oozes
  5 worms
  3 dart slugs
  7 leopard geckos
  64 orcs
  3 ball pythons (Sewer)
  11 bats
  9 giant cockroaches
  25 goblins
  8 hobgoblins
  22 jackals
  8 quokkas
  12 frilled lizards
  A jackal skeleton (D:7)
  7 kobolds
  A quokka skeleton (D:8)
  10 rats
422 creatures vanquished.

Vanquished Creatures (others)
  A jackal (D:4)
1 creature vanquished.

Grand Total: 423 creatures vanquished

Notes
Turn   | Place    | Note
-------+----------+-------------------------------------------
     0 | D:1      | Eligor the Gargoyle Wanderer began the quest for the Orb.
     0 | D:1      | Eligor set off with: a +2 quarterstaff, a +0 short sword, a scroll of teleportation, a +0 robe, a bread ration
     0 | D:1      | Reached XP level 1. HP: 16/16 MP: 1/1
   196 | D:1      | Reached XP level 2. HP: 19/20 MP: 2/2
   336 | D:1      | Reached skill level 5 in Fighting
   987 | D:1      | Reached XP level 3. HP: 26/26 MP: 3/3
  2484 | D:2      | Reached skill level 6 in Fighting
  2484 | D:2      | Reached XP level 4. HP: 26/32 MP: 2/4
  2539 | D:2      | Noticed an angel
  2540 | D:2      | Found a glowing silver altar of Zin.
  2540 | D:2      | Found a shimmering altar of Xom.
  3107 | D:2      | Found a glowing silver altar of Zin.
  3107 | D:2      | Found a shimmering altar of Xom.
  3728 | D:3      | Reached skill level 1 in Spellcasting
  3776 | D:3      | Reached XP level 5. HP: 29/36 MP: 6/8
  3836 | D:3      | Found a glowing drain.
  3990 | Sewer    | Entered a sewer
  4046 | Sewer    | Noticed a big kobold
  4102 | Sewer    | Killed a big kobold
  4102 | Sewer    | Reached XP level 6. HP: 38/42 MP: 8/10
  4209 | Sewer    | Reached skill level 7 in Fighting
  4405 | D:3      | Noticed Ijyb
  4435 | D:3      | Killed Ijyb
  4605 | D:3      | Found a snail-covered altar of Cheibriados.
  4690 | D:3      | Reached XP level 7. HP: 24/48 MP: 8/13
  5476 | D:3      | You fall through a shaft for 2 floors!
  5476 | D:5      | Entered Level 5 of the Dungeon
  5509 | D:5      | Found a shattered altar of Ashenzari.
  5549 | D:5      | Found a radiant altar of Vehumet.
  5580 | D:5      | Became a worshipper of Vehumet
  5692 | D:5      | Found a sparkling altar of Nemelex Xobeh.
  5692 | D:5      | Found a stormy altar of Qazlal.
  5710 | D:5      | Found a sacrificial altar of Ru.
  5714 | D:5      | Reached skill level 8 in Fighting
  5793 | D:5      | Reached skill level 1 in Axes
  5855 | D:5      | Reached XP level 8. HP: 39/54 MP: 9/14
  6032 | D:4      | Found Hynenan's Serpentskin Sales.
  6398 | D:3      | Found a snail-covered altar of Cheibriados.
  7326 | D:4      | Found a glowing golden altar of the Shining One.
  7508 | D:4      | Reached skill level 5 in Axes
  7907 | D:4      | Noticed Robin
  7911 | D:4      | Reached * piety under Vehumet
  7911 | D:4      | Offered knowledge of Freeze by Vehumet.
  7917 | D:4      | Killed Robin
  7929 | D:4      | Learned a level 1 spell: Freeze
  8247 | D:4      | Reached skill level 1 in Ice Magic
  8486 | D:4      | Found Hynenan's Serpentskin Sales.
  8689 | D:4      | Found a glowing golden altar of the Shining One.
  9103 | D:5      | Noticed Prince Ribbit
  9468 | D:5      | Found a radiant altar of Vehumet.
  9732 | D:5      | Reached XP level 9. HP: 55/59 MP: 15/15
  9829 | D:5      | Killed Prince Ribbit
  9895 | D:5      | Found a radiant altar of Vehumet.
  9913 | D:5      | Found a shattered altar of Ashenzari.
 10096 | D:5      | Found a sparkling altar of Nemelex Xobeh.
 10096 | D:5      | Found a stormy altar of Qazlal.
 10448 | D:5      | Found a radiant altar of Vehumet.
 10584 | D:6      | Found an opulent altar of Gozag.
 10607 | D:6      | Found a staircase to the Ecumenical Temple.
 10720 | D:6      | Reached skill level 5 in Ice Magic
 10741 | D:6      | Noticed Shimatora's ghost (novice HaHu)
 10897 | D:6      | Reached skill level 5 in Spellcasting
 11401 | D:6      | Found Ineutako's Antique Armour Emporium.
 11656 | D:6      | Offered knowledge of Magic Dart by Vehumet.
 11659 | D:6      | Learned a level 1 spell: Magic Dart
 11660 | D:6      | Found an opulent altar of Gozag.
 11686 | D:6      | Found a staircase to the Ecumenical Temple.
 11803 | D:6      | Found Ineutako's Antique Armour Emporium.
 12019 | D:6      | Killed Shimatora's ghost
 12144 | D:6      | Reached ** piety under Vehumet
 12177 | D:6      | Reached XP level 10. HP: 62/64 MP: 15/17
 12296 | D:7      | Found Mujono's Weapon Shoppe.
 12480 | D:7      | Found an ornate altar of the Wu Jian Council.
 12517 | D:7      | Reached skill level 5 in Conjurations
 12797 | D:7      | Found an ancient bone altar of Kikubaaqudgha.
 13108 | D:7      | Found Mujono's Weapon Shoppe.
 13194 | D:7      | Found an ornate altar of the Wu Jian Council.
 13296 | D:7      | Found an ancient bone altar of Kikubaaqudgha.
 14042 | D:8      | Found a blossoming altar of Fedhas.
 14069 | D:8      | Noticed a cyclops
 14089 | D:8      | Killed a cyclops
 14909 | D:8      | Noticed a two-headed ogre
 14984 | D:8      | Found a blossoming altar of Fedhas.
 15330 | D:9      | Offered knowledge of Static Discharge by Vehumet.
 15338 | D:9      | Learned a level 3 spell: Static Discharge
 15456 | D:9      | Found an iron altar of Okawaru.
 15554 | D:9      | Reached skill level 1 in Air Magic
 16060 | D:9      | Reached *** piety under Vehumet
 16361 | D:9      | Noticed Grum
 16386 | D:9      | Killed Grum
 16386 | D:9      | Reached XP level 11. HP: 48/69 MP: 4/18
 16746 | D:9      | Noticed a two-headed ogre
 16756 | D:9      | Killed a two-headed ogre
 16849 | D:9      | Reached skill level 5 in Air Magic
 17148 | D:9      | Offered knowledge of Sticky Flame by Vehumet.
 17157 | D:9      | Learned a level 4 spell: Sticky Flame
 17158 | D:9      | Gained mutation: You are frail. (-10% HP) [mutagenic meat]
 17159 | D:9      | Gained mutation: You can translocate small distances at will. [mutagenic meat]
 17160 | D:9      | Gained mutation: You are dopey. (Int -2) [mutagenic meat]
 17248 | D:10     | Entered Level 10 of the Dungeon
 17263 | D:10     | Reached skill level 1 in Fire Magic
 17555 | D:10     | Found a staircase to the Lair.
 17566 | D:10     | Killed a two-headed ogre
 17566 | D:10     | Reached skill level 10 in Axes
 18189 | D:10     | Reached **** piety under Vehumet
 18251 | D:10     | Found a staircase to the Lair.
 18388 | D:10     | Noticed a two-headed ogre
 18394 | D:10     | Killed a two-headed ogre
 18717 | D:11     | Noticed an orc knight
 18723 | D:10     | Reached skill level 5 in Fire Magic
 18847 | D:11     | Learned a level 5 spell: Bolt of Magma
 18899 | D:11     | Reached skill level 1 in Earth Magic
 18958 | D:11     | Killed an orc knight
 18958 | D:11     | Reached skill level 9 in Fighting
 18997 | D:11     | Found a staircase to the Orcish Mines.
 18999 | D:11     | Found Egeboig's Weapon Shoppe.
 19011 | D:11     | Offered knowledge of Fireball by Vehumet.
 19023 | D:11     | Learned a level 5 spell: Fireball
 19177 | D:11     | Found a snail-covered altar of Cheibriados.
 19248 | D:11     | Reached XP level 12. HP: 68/68 MP: 6/19
 19390 | D:11     | Noticed a five-headed hydra
 19414 | D:11     | Learned a level 5 spell: Lightning Bolt
 19425 | D:11     | Killed a five-headed hydra
 19425 | D:11     | Reached skill level 5 in Earth Magic
 19432 | D:11     | Gained mutation: You are partially covered in yellow scales. (AC +2) [mutagenic meat]
 19433 | D:11     | Gained mutation: You are weak. (Str -2) [mutagenic meat]
 19935 | D:11     | Found a snail-covered altar of Cheibriados.
 19972 | D:11     | Found Egeboig's Weapon Shoppe.
 19974 | D:11     | Found a staircase to the Orcish Mines.
 20032 | D:11     | Noticed a two-headed ogre
 20039 | D:11     | Killed a two-headed ogre
 20039 | D:11     | Reached skill level 10 in Fighting
 20670 | D:4      | Bought the Papyrus of Toxins for 630 gold pieces
 20937 | D:12     | Found a labyrinth entrance.
 21009 | Lab      | Entered a labyrinth
 21436 | Lab      | Noticed a minotaur
 21463 | Lab      | Killed a minotaur
 21466 | Lab      | Got an encrusted battleaxe {chop}
 21469 | Lab      | Identified the +3 battleaxe of Articulation {chop, +Fly rElec Str+5 Dex-3} (You took it off a minotaur in a labyrinth)
 22153 | D:12     | Noticed a two-headed ogre
 22158 | D:12     | Killed a two-headed ogre
 22643 | D:12     | Gained mutation: You are very weak. (Str -4) [mutagenic meat]
 22644 | D:12     | Lost mutation: You are frail. (-10% HP) [mutagenic meat]
 22645 | D:12     | Gained mutation: Your magical capacity is low. (-10% MP) [mutagenic meat]
 23034 | D:13     | Found a gate to the Vaults.
 23034 | D:13     | Noticed Urug
 23034 | D:13     | Noticed Nessos
 23034 | D:13     | Noticed Rupert
 23082 | D:12     | Learned a level 5 spell: Venom Bolt
 23095 | D:13     | Reached skill level 11 in Fighting
 23165 | D:13     | Reached skill level 1 in Poison Magic
 23331 | D:13     | Killed Urug
 23481 | D:13     | Killed Nessos
 23481 | D:13     | Reached XP level 13. HP: 57/84 MP: 19/21
 23495 | D:13     | Reached ***** piety under Vehumet
 23566 | D:13     | Reached skill level 5 in Poison Magic
 23568 | D:13     | Offered knowledge of Bolt of Draining by Vehumet.
 23617 | D:13     | Slain by Rupert

Vault maps used:
D:1:      dpeg_arrival_ternary, minmay_close_crescents
D:2:      grunt_temple_overflow_order_and_chaos_1
D:3:      cheibriados_altar_1, portal_sewer_entry_e, first_bread,
          roderic_cross_of_infinity, minmay_item_behind_shaft,
          bh_walls_and_bars, uniq_ijyb
D:4:      kennysheep_goblin_castle, nicolae_overflow_hidden_temple,
          guppyfry_shop_venom
D:5:      nicolae_ashenzari_panopticon, gammafunk_temple_overflow_elements,
          lemuel_coloured_pillars_altar, basic_altar, nicolae_ru_awakened_eye,
          uniq_prince_ribbit1
D:6:      kennysheep_mini, minmay_temple_entry_statues_pillars, serial_shops,
          shop
D:7:      old_standard_altar, kennysheep_little_box, serial_shops, shop_statue
D:8:      fedhas_altar_1, the_bakery
D:9:      okawaru_metal_pillars_1_2, uniq_grum
D:10:     dpeg_oklobed_lair
D:11:     orc_david_3, basic_altar
D:12:     lab_entry_generic, serial_park_tiny_2
D:13:     david_vaults_3, eino_small_chamber_without_monster
Lab:      labyrinth_spiral, labyrinth_skeletal_remains, nicolae_lab_x
Sewer:    sewer_co_15_rooms

Skill      XL: |  1  2  3  4  5  6  7  8  9 10 11 12 13 |
---------------+----------------------------------------+-----
Fighting       | 5 6 7 8 9 11 | 11.0
Spellcasting   | 2 4 5 7 |  7.1
Axes           | 3 6 7 9 10 | 10.5
Ice Magic      | 3 5 |  5.1
Conjurations   | 4 7 8 |  8.4
Air Magic      | 3 5 |  5.0
Fire Magic     | 5 |  5.0
Earth Magic    | 4 5 |  5.3
Poison Magic   | 4 5 |  5.0
Staves         | |  2.0
Armour         | |  1.1
Dodging        | |  1.0
Stealth        | |  1.1
Evocations     | |  1.0

Action                   |  1- 3 |  4- 6 |  7- 9 | 10-12 | 13-15 || total
-------------------------+-------+-------+-------+-------+-------++-------
Melee: Quarterstaff      |    89 |       |       |       |       ||    89
       Short sword       |    18 |   248 |    32 |       |       ||   298
       Scimitar          |    11 |       |    46 |       |       ||    57
       Dagger            |       |     8 |   261 |       |       ||   269
       Unarmed           |       |     7 |       |       |       ||     7
       War axe           |       |       |   204 |   378 |       ||   582
       Battleaxe         |       |       |       |   330 |    71 ||   401
Throw: Throwing net      |       |       |     4 |     2 |       ||     6
 Cast: Freeze            |       |       |    36 |    35 |       ||    71
       Static Discharge  |       |       |       |    13 |       ||    13
       Sticky Flame      |       |       |       |    10 |     1 ||    11
       Fireball          |       |       |       |    20 |       ||    20
       Bolt of Magma     |       |       |       |    14 |       ||    14
       Lightning Bolt    |       |       |       |     9 |     1 ||    10
       Venom Bolt        |       |       |       |     3 |     2 ||     5
Evoke: Wand              |       |       |       |     9 |       ||     9
  Use: Scroll            |       |     4 |     4 |    14 |     1 ||    23
       Potion            |       |       |     4 |     3 |       ||     7
 Stab: Sleeping          |     1 |       |     1 |     2 |       ||     4
       Distracted        |     1 |       |       |     1 |       ||     2
  Eat: Chunk             |     5 |     7 |    22 |    57 |       ||    91
       Fruit             |       |     1 |       |     2 |       ||     3
       Royal jelly       |       |       |       |     5 |       ||     5
       Bread ration      |       |       |       |     1 |       ||     1
Armor: Leather armour    |    61 |    57 |       |    82 |    56 ||   256
       Scale mail        |       |    41 |   207 |       |       ||   248
       Skin              |       |    25 |       |       |       ||    25
       Robe              |       |       |   126 |   331 |       ||   457
       Animal skin       |       |       |     4 |       |       ||     4
Dodge: Dodged            |    66 |   134 |   300 |   348 |    42 ||   890
Block: Other             |       |       |       |    75 |    10 ||    85
       Reflection        |       |       |       |     2 |       ||     2
       Rpst.: Scimitar   |     5 |       |     4 |       |       ||     9
